 Dungeon Crawl Stone Soup version 0.23-a0-130-g0e7800e (webtiles) character file.

249 iamserjio the Ducker (level 6, -16/37 HPs)
             Began as a Tengu Wanderer on Aug 27, 2018.
             Was an Initiate of Ashenzari.
             Demolished by an ogre
             ... wielding a cursed +0 giant club
              (27 damage)
             ... on level 4 of the Dungeon.
             The game lasted 00:09:00 (3696 turns).

iamserjio the Ducker (Tengu Wanderer)               Turns: 3696, Time: 00:09:02

Health: -16/37     AC:  5    Str: 13    XL:     6   Next: 12%
Magic:  7/7        EV: 14    Int: 11    God:    Ashenzari [......]
Gold:   70         SH:  0    Dex: 16    Spells: 5/5 levels left

rFire    . . .     SeeInvis .   C - +2 dagger (speed)
rCold    . . .     Gourm    .   (no shield)
rNeg     . . .     Faith    .   a - +0 leather armour
rPois    .         Spirit   .   (helmet restricted)
rElec    .         Reflect  .   (no cloak)
rCorr    .         Harm     .   s - +1 pair of gloves
MR       .....                  (boots unavailable)
Stlth    ++........             (no amulet)
HPRegen  0.12/turn              (no ring)
MPRegen  0.10/turn              (no ring)

@: no status effects
A: beak, talons 3, able to fly 1
a: Fly, Curse Item, Renounce Religion


You were on level 4 of the Dungeon.
You worshipped Ashenzari.
Ashenzari was noncommittal.
You were hungry.

You visited 1 branch of the dungeon, and saw 4 of its levels.

You collected 70 gold pieces.

Inventory:

Hand Weapons
 d - a +0 club
 e - a +0 dagger
 p - a +2 great mace of holy wrath
 r - a +2 dagger of speed
 z - a +0 short sword
 C - a +2 dagger of speed (weapon)
Missiles
 b - 5 throwing nets (quivered) {!f}
 o - 65 arrows
 y - 26 stones
 E - 4 javelins
Armour
 a - a +0 leather armour (worn)
 m - a +0 ring mail
 s - a +1 pair of gloves (worn)
 A - a +0 scale mail
Jewellery
 k - an uncursed amulet of rage
 v - an uncursed ring of wizardry
Scrolls
 c - 2 scrolls of teleportation
 g - a scroll of blinking {unknown}
 h - 2 scrolls of identify {unknown}
 j - 3 scrolls of remove curse {@r2}
 l - 2 scrolls of enchant weapon {unknown}
 t - a scroll of random uselessness {unknown}
 w - a scroll of amnesia {unknown}
 x - a scroll of fog {unknown}
 B - a scroll of enchant armour {unknown}
Potions
 i - a potion of curing {unknown}
 n - a potion of cancellation {unknown}
 q - a potion of heal wounds {unknown}
 u - a potion of invisibility {unknown}
 D - a potion of lignification {unknown}
Comestibles
 f - 6 rations


   Skills:
 + Level 3.4 Fighting
 * Level 3.3 Short Blades
 - Level 3.2 Armour
 + Level 4.7 Dodging
 - Level 2.0 Stealth
 - Level 1.1 Unarmed Combat


You had 5 spell levels left.
You didn't know any spells.
Your spell library was empty.

Dungeon Overview and Level Annotations

Branches:
Dungeon (4/15)
 Temple: D:4-7

Altars:
Ashenzari
Fedhas
Hepliaklqana
Kikubaaqudgha
Qazlal


Innate Abilities, Weirdness & Mutations

You have a beak for a mouth.
You have claws for feet.
You can fly.


Message History

The orc hits you with a club.
You climb upwards.
There is a stone staircase leading down here.
No target in view!
You start resting.
HP restored.
There is a stone staircase leading down here.
There is a stone staircase leading down here.
You climb downwards. 2 ogres come into view.
The ogre shouts! x2
The ogre hits you with a giant club!!
Ouch! That really hurt!
* * * LOW HITPOINT WARNING * * *
Found a scroll labeled ROEHYECSYF.
There is a stone staircase leading up, spattered with blood here.
Okay, then.
The ogre hits you with a giant club!!
Ouch! That really hurt!
You die...

# .. ... #
....#+###.#
....O...#.##
...........#
#.@#
#...O...#
#.......#
........##
###...#.?.
###. .#.# #.
.#.# .. ....


You could see 2 ogres.

Vanquished Creatures
  An orc wizard (D:3)
  10 adders
  4 gnolls (D:2)
  An ooze (D:2)
  2 leopard geckos
  7 orcs
  3 ball pythons (D:2)
  8 bats
  7 giant cockroaches
  8 goblins
  6 hobgoblins
  8 jackals
  4 frilled lizards
  4 kobolds
  11 rats
84 creatures vanquished.

Notes
Turn   | Place    | Note
-------+----------+-------------------------------------------
     0 | D:1      | iamserjio the Tengu Wanderer began the quest for the Orb.
     0 | D:1      | iamserjio set off with: a +0 leather armour, 4 throwing
                  | nets {!f}, 2 scrolls of teleportation, a +0 club, a +0
                  | dagger, a ration
     0 | D:1      | Reached XP level 1. HP: 12/12 MP: 2/2
   105 | D:1      | Reached XP level 2. HP: 13/17 MP: 3/3
   258 | D:1      | Reached skill level 3 in Dodging
   833 | D:1      | Reached XP level 3. HP: 17/22 MP: 4/4
  1414 | D:2      | Found a faded altar of an unknown god.
  1577 | D:2      | Reached skill level 1 in Short Blades
  1577 | D:2      | Reached XP level 4. HP: 21/27 MP: 5/5
  1777 | D:2      | Reached skill level 4 in Dodging
  2337 | D:2      | Gained mutation: You can fly. [Tengu growth]
  2337 | D:2      | Reached XP level 5. HP: 32/32 MP: 6/6
  2673 | D:3      | Found a hazy altar of Hepliaklqana.
  2778 | D:3      | Reached XP level 6. HP: 14/37 MP: 7/7
  3200 | D:3      | Found a shattered altar of Ashenzari.
  3212 | D:3      | Became a worshipper of Ashenzari the Shackled
  3268 | D:3      | Found a stormy altar of Qazlal.
  3541 | D:4      | Found a blossoming altar of Fedhas.
  3542 | D:4      | Found an ancient bone altar of Kikubaaqudgha.
  3696 | D:4      | Demolished by an ogre

Vault maps used:
D:1:      shiori_shiawase
D:2:      chequers_ecumenical_altar_grove, minmay_tiny_reverse_x
D:3:      lemuel_doored_altar, lemuel_coloured_pillars_altar,
          old_standard_altar, first_ration
D:4:      grunt_temple_overflow_growth_and_decay,
          minmay_temple_entry_butterflies, gammafunk_ghost_nasty_kobolds,
          serial_shops, shop, hangedman_feature_mirror, minmay_surrounded

Skill      XL: |  1  2  3  4  5 |
---------------+----------------+-----
Dodging        | 3 4 |  4.7
Short Blades   | 1 3 |  3.3
Fighting       | 3 |  3.4
Armour         | |  3.2
Stealth        | |  2.0
Unarmed Combat | |  1.1

Action                   |  1- 3 |  4- 6 || total
-------------------------+-------+-------++-------
Melee: Unarmed           |    95 |       ||    95
       Kick              |    32 |    32 ||    64
       Peck              |    16 |    23 ||    39
       Dagger            |    20 |   140 ||   160
       Punch             |     1 |       ||     1
 Abil: Fly               |       |     1 ||     1
  Use: Scroll            |     1 |       ||     1
 Stab: Sleeping          |     4 |     4 ||     8
  Eat: Chunk             |     2 |     6 ||     8
Armor: Leather armour    |    35 |    15 ||    50
Dodge: Dodged            |   104 |    60 ||   164

Table legend:
 A = Non-vault XP
 B = Vault XP
 C = Vault XP percentage of total XP
 D = Non-vault monster count
 E = Vault monster count
 F = Vault count percentage of total count
                 A         B        C        D         E       F
            +---------+---------+-------+---------+---------+-------
      Total |     352 |       4 |   1.1 |      82 |       2 |   2.4
            +---------+---------+-------+---------+---------+-------
        D:1 |      34 |       0 |   0.0 |      20 |       0 |   0.0
        D:2 |     184 |       4 |   2.1 |      38 |       2 |   5.0
        D:3 |     127 |       0 |   0.0 |      21 |       0 |   0.0
        D:4 |       7 |       0 |   0.0 |       3 |       0 |   0.0
            +---------+---------+-------+---------+---------+-------
